 Dungeon Crawl Stone Soup version 0.18-a0-1784-ga939a68 (webtiles) character file.

100 Oddball22 the Bolt Thrower (level 4, -3/37 HPs)
             Began as a Demigod Hunter on Apr 18, 2016.
             Slain by Grinder (7 damage)
             ... on level 3 of the Dungeon.
             The game lasted 00:05:22 (2415 turns).

Oddball22 the Bolt Thrower (Demigod Hunter)         Turns: 2415, Time: 00:05:22

Health: -3/37      AC:  3    Str: 15    XL:     4   Next: 23%
Magic:  6/6        EV: 13    Int: 15    God:
Gold:   72         SH:  0    Dex: 18    Spells: 0 memorised, 3 levels left

rFire  . . .     SeeInvis .     w - +0 war axe
rCold  . . .     Gourm    .     j - +0 leather armour (curse)
rNeg   . . .     Faith    .     (no shield)
rPois  .         Spirit   .     (no helmet)
rElec  .         Dismiss  .     (no cloak)
rCorr  .         Reflect  .     (no gloves)
SustAt +         Harm     .     (no boots)
MR     .....                    (no amulet)
Stlth  ++........               (no ring)
                                (no ring)

@: invisible, not resistant to hostile enchantments, unstealthy
A: high mp 1, sustain attributes
a: no special abilities


You were on level 3 of the Dungeon.
You were not hungry.

You visited 1 branch of the dungeon, and saw 3 of its levels.

You collected 72 gold pieces.

Inventory:

Hand Weapons
 a - a +1 hand crossbow
 b - a +0 short sword
 w - a +0 war axe (weapon)
Missiles
 d - 32 bolts
Armour
 j - a cursed +0 leather armour (worn)
Scrolls
 c - a scroll of enchant armour {unknown}
 i - a scroll of recharging
 n - a scroll of teleportation
Potions
 e - a potion of invisibility
 g - 2 potions of resistance {unknown}
 k - a potion of beneficial mutation {unknown}
 m - a potion of ambrosia {unknown}
 p - 2 potions of lignification {unknown}
 q - 2 potions of cure mutation {unknown}
 r - a potion of haste {unknown}
 v - a potion of brilliance {unknown}
Comestibles
 f - 2 bread rations
 o - a beef jerky
 t - a slice of pizza
 u - 2 chunks of flesh


   Skills:
 + Level 2.7 Fighting
 + Level 4.3 Crossbows
 + Level 2.9 Dodging
 - Level 0.8 Stealth


You had 3 spell levels left.
You didn't know any spells.

Dungeon Overview and Level Annotations

Branches:
Dungeon (3/15)

Annotations:
D:3 Grinder


Innate Abilities, Weirdness & Mutations

You have an increased reservoir of magic (+10% MP).
Your attributes are resistant to harm.


Message History

You suddenly lose the ability to move!
Grinder drinks a potion.
Grinder suddenly seems more agile.
Grinder hits you.
You writhe in agony.
Grinder hits you.
You writhe in agony.
Grinder hits you but does no damage. Grinder hits you.
* * * LOW HITPOINT WARNING * * *
You writhe in agony.
* * * LOW HITPOINT WARNING * * *
Grinder says, "Wait up."
Grinder hits you.
* * * LOW HITPOINT WARNING * * *
You writhe in agony.
* * * LOW HITPOINT WARNING * * *
You can move again.
Drink which item? (? for menu, Esc to quit)
It was a potion of invisibility.
You fade into invisibility!
Grinder hits you!
You die...

## ..##.. ##.......
#........ ## .......
# #.##.#..###.# #.
#..#........#
#..###.#......#.##
#....<...@5.......
#.#.......[.(.##.
#...............(#
....................
..................#.
..#.....###.......#
. #.....# #.....###
..#....# #.....#
..#...# ##...##


You could see Grinder.

Vanquished Creatures
  Jessica (D:3)
  An adder (D:2)
  2 worms (D:2)
  3 dart slugs
  4 giant geckos
  7 bats
  8 hobgoblins
  2 jackals (D:1)
  4 giant newts
  3 goblins
  13 kobolds
  5 rats
53 creatures vanquished.

Notes
Turn   | Place    | Note
--------------------------------------------------------------
     0 | D:1      | Oddball22 the Demigod Hunter began the quest for the Orb.
     0 | D:1      | Reached XP level 1. HP: 17/17 MP: 3/3
   476 | D:1      | Reached XP level 2. HP: 15/24 MP: 4/4
   791 | D:1      | Reached skill level 4 in Crossbows
  1284 | D:1      | Reached XP level 3. HP: 20/29 MP: 5/5
  2392 | D:3      | Noticed Jessica
  2395 | D:3      | Killed Jessica
  2395 | D:3      | Reached XP level 4. HP: 37/37 MP: 6/6
  2402 | D:3      | Noticed Grinder
  2408 | D:3      | Paralysed by Grinder for 7 turns
  2415 | D:3      | Slain by Grinder

Vault maps used:
D:1:      wheals_arrival_shading, minmay_misc_feat_chi
D:3:      kennysheep_goblin_castle, elyvilon_altar_1, tgw_xom,
          marbit_many_paths, amalloy_card_club, uniq_grinder, uniq_terence,
          uniq_jessica

Skill      XL: |  1  2 |
---------------+-------+-----
Dodging        | 2 |  2.9
Fighting       | 2 |  2.7
Crossbows      | 4 |  4.3
Stealth        | |  0.8

Action                   |  1- 3 |  4- 6 || total
-------------------------+-------+-------++-------
Melee: Short sword       |   187 |       ||   187
       War axe           |       |     1 ||     1
 Fire: Hand crossbow     |    15 |     1 ||    16
  Use: Scroll            |     5 |       ||     5
       Potion            |       |     1 ||     1
 Stab: Sleeping          |     3 |       ||     3
  Eat: Chunk             |     5 |       ||     5
Armor: Leather armour    |    49 |     1 ||    50
Dodge: Dodged            |   126 |       ||   126
